 Dungeon Crawl Stone Soup version 0.31-a0-819-gf6de2f5ab6 (webtiles) character file.

Game seed: 7295941907546808682

102 qw the Shooter (level 4, -5/28 HPs)
             Began as a Gargoyle Hunter on Sept 23, 2023.
             Killed from afar by an oklob plant (9 damage)
             ... with a splash of acid
             ... on level 3 of the Dungeon.
             The game lasted 00:00:54 (1972 turns).

qw the Shooter (Gargoyle Hunter)                    Turns: 1972, Time: 00:00:54

Health: -5/28      AC:  3    Str: 14    XL:     4   Next: 78%
Magic:  4/4        EV: 12    Int: 10    God:
Gold:   107        SH:  0    Dex: 15    Spells: 3/3 levels left

rFire   . . .        Y - +0 shortbow
rCold   . . .        (shield currently unavailable)
rNeg    + + .        i - +1 robe {rN+}
rPois   inf          (helmet restricted)
rElec   +            (no cloak)
rCorr   +            g - +0 pair of gloves
SInv    .            (no boots)
Will    .....        (no amulet)
Stlth   ++           j - ring of resist corrosion
HPRegen 0.24/turn    (no ring)
MPRegen 0.09/turn

%: no passive effects
@: about to teleport, corroded
A: sickness immunity, AC +3, negative energy resistance 1, electricity
resistance, torment resistance 1, petrification resistance, beak
a: no special abilities


You were on level 3 of the Dungeon.
You visited 1 branch of the dungeon, and saw 3 of its levels.

You collected 107 gold pieces.


Innate Abilities, Weirdness & Mutations

You are immune to sickness and miasma.
Your stone body is resilient. (AC +3)
You are immune to poison.
You resist negative energy. (rN+)
You are resistant to electric shocks. (rElec)
You are resistant to unholy torment.
You are immune to petrification.
You have a beak for a mouth.


   Skills:
 - Level 3.1 Fighting
 + Level 5.6 Ranged Weapons
 - Level 1.5 Dodging
 - Level 1.1 Stealth


You had 3 spell levels left.
You didn't know any spells.
Your spell library was empty.

Inventory:

Hand Weapons
 Y - a +0 shortbow (weapon)
Armour
 c - a +0 leather armour
 g - a +0 pair of gloves (worn)
 i - a +1 robe of positive energy (worn)
Jewellery
 j - a ring of resist corrosion (left hand)
 l - a ring of ice
Scrolls
 d - a scroll of teleportation
 h - a scroll of identify
Potions
 a - a potion of resistance
 b - a potion of cancellation
 f - 2 potions of haste
 m - a potion of mutation

Dungeon Overview and Level Annotations

Branches:
Dungeon (3/15)

Altars:
Fedhas

Shops:
D:3 (

Annotations:
D:3 exclusion: oklob plant


Message History

You shoot an arrow.
The arrow hits the oklob plant but does no damage.
You shoot an arrow.
The arrow hits the oklob plant but does no damage.
You shoot an arrow. The arrow hits the oklob plant.
The oklob plant is lightly damaged.
The oklob plant spits acid at you. The splash of acid hits you! You resist.
Ouch! That really hurt!
The acid corrodes you!
Enter note:
Enter note:
Enter note:
Enter note:
Enter note:
Enter note:
Enter note:
Enter note:
Enter note:
Enter note:
Enter note:
Enter note:
Enter note:
Enter note:
Enter note:
Enter note:
1970 ||| READING 2 scrolls of teleportation.
As you read the scroll of teleportation, it crumbles to dust.
You feel strangely unstable.
Enter note:
Enter note:
Enter note:
Enter note: You shoot an arrow.
The arrow hits the fungus but does no damage.
You shoot an arrow. The arrow hits the fungus!
The fungus begins to die.
The fungus is lightly damaged.
The oklob plant spits acid at you. The splash of acid hits you! You resist.
You die... ....<..........#.# .............>.'.# ##.............### #.............# ################## # #PPPPPPP.PPPPP#PPP###.# #P#P#P##PP..PPPPPP.PP##

#P#PP.PPPPP##.PP....P.#
#PP#.PP##P#P#.#P@P#..P#
#P#PP.P#....!...PPP#
#P.#.P...~~.~~..PPPP..#
##PPP...~~~.~~~..#P.PP#
#.P....~~~~.~~~~..#PPP#
#PPP..~~~~~.~~~~~.#PP.#
#PPPP.~~~~...~~~~.P#PP#
##P##.~~~~._.~~~~.#P#P#
#P#PP.~~~~...~~~~..PP


You could see an oklob plant.

Vanquished Creatures
  3 adders (D:2)
  2 worms (D:2)
  3 dart slugs (D:1)
  6 ball pythons
  5 endoplasms
  4 giant cockroaches
  7 hobgoblins
  9 jackals
  3 quokkas (D:1)
  6 bats
  3 frilled lizards
  A goblin (D:1)
  5 kobolds
  A rat (D:1)
58 creatures vanquished.

Notes
Turn   | Place    | Note
-------+----------+-------------------------------------------
     0 | D:1      | qw the Gargoyle Hunter began the quest for the Orb.
     0 | D:1      | Reached XP level 1. HP: 12/12 MP: 1/1
     0 | D:1      | 0 ||| qw: Version: 0.3-a-83-gcd0e7d8
     0 | D:1      | 0 ||| qw: Game counter: 1528
     0 | D:1      | 0 ||| qw: Melee chars always use a shield: true
     0 | D:1      | 0 ||| qw: God list: Okawaru
     0 | D:1      | 0 ||| qw: Allow faded altars: false
     0 | D:1      | 0 ||| qw: Do Orc after clearing Dungeon:15 true
     0 | D:1      | 0 ||| qw: Do second Lair branch before Depths: true
     0 | D:1      | 0 ||| qw: Lair rune preference: random
     0 | D:1      | 0 ||| qw: Goals: Normal
     0 | D:1      | 0 ||| PLANNING D:1-11
    85 | D:1      | Reached XP level 2. HP: 15/17 MP: 2/2
   260 | D:1      | Reached XP level 3. HP: 21/21 MP: 3/3
   274 | D:1      | Reached skill level 5 in Ranged Weapons
   716 | D:1      | 716 ||| UPGRADING to +1 helmet.
   721 | D:1      | 721 ||| UPGRADING to +1 robe of positive energy.
   731 | D:1      | 731 ||| DROPPING amulet of magic regeneration.
   732 | D:1      | 732 ||| UPGRADING to ring of resist corrosion.
   733 | D:1      | 733 ||| READING 2 scrolls labelled HEG ROGUIKHI.
   734 | D:1      | 734 ||| READING 2 scrolls labelled KABIDDE URCHAPS.
   735 | D:1      | 735 ||| READING scroll labelled ODEFFI SUIB.
   738 | D:1      | 738 ||| READING scroll labelled BEITZOUTAI.
   739 | D:1      | 739 ||| READING scroll labelled YRIGIW LILIABB.
   751 | D:1      | 751 ||| DRINKING 3 amethyst potions.
   752 | D:1      | 752 ||| DROPPING scroll of revelation.
   753 | D:1      | 753 ||| DROPPING scroll of butterflies.
   777 | D:2      | Reached skill level 3 in Fighting
   804 | D:2      | Reached XP level 4. HP: 28/28 MP: 4/4
  1154 | D:2      | Found a faded altar of an unknown god.
  1561 | D:2      | 1561 ||| UPGRADING to +0 pair of gloves.
  1566 | D:2      | 1566 ||| DRINKING 2 smoky coppery potions.
  1567 | D:2      | 1567 ||| READING 2 scrolls of identify.
  1567 | D:2      | 1567 ||| IDENTIFYING fizzy pink potion
  1568 | D:2      | 1568 ||| DROPPING scroll of immolation.
  1569 | D:2      | 1569 ||| DROPPING potion of brilliance.
  1800 | D:3      | Found Teicvera's Weapon Shop.
  1924 | D:3      | Found a blossoming altar of Fedhas.
  1950 | D:3      | Noticed an oklob plant
  1951 | D:3      | 1951 ||| READING scroll labelled RIOPPO QISUA.
  1952 | D:3      | 1952 ||| DRINKING 2 glowing dark potions.
  1952 | D:3      | Gained mutation: You have a beak for a mouth. [potion of
                  | mutation]
  1953 | D:3      | 1953 ||| DROPPING +1 helmet.
  1954 | D:3      | 1954 ||| READING 3 scrolls of identify.
  1954 | D:3      | 1954 ||| IDENTIFYING ruby potion
  1955 | D:3      | 1955 ||| READING 2 scrolls of identify.
  1955 | D:3      | 1955 ||| IDENTIFYING puce potion
  1956 | D:3      | 1956 ||| DROPPING potion of lignification.
  1969 | D:3      | HP: 3/28 [oklob plant/splash of acid (15)]
  1970 | D:3      | 1970 ||| READING 2 scrolls of teleportation.
  1972 | D:3      | Killed from afar by an oklob plant

Levels and vault maps discovered:
D:1:      psy_arrival_fountain, layout_basic
D:2:      layout_basic, hellmonk_ecumenical_altar_blasted, grunt_decor_fettered,
          uniq_sigmund
D:3:      layout_basic, lemuel_coloured_pillars_altar, tgw_fedhas,
          nicolae_sif_muna_little_library, serial_shops, shop,
          minmay_joined_circles

Skill      XL: |  1  2  3 |
---------------+----------+-----
Ranged Weapons | 5 |  5.6
Fighting       | 3 |  3.1
Dodging        | |  1.5
Stealth        | |  1.1

Action                     |  1- 3 |  4- 6 || total
---------------------------+-------+-------++-------
   Fire: Shortbow          |   121 |    80 ||   201
    Use: Scroll            |     5 |     5 ||    10
         Potion            |     1 |     2 ||     3
 Armour: Leather armour    |    28 |       ||    28
         Robe              |       |    20 ||    20
  Dodge: Dodged            |    27 |    18 ||    45

Table legend:
 A = Non-vault XP
 B = Vault XP
 C = Vault XP percentage of total XP
 D = Non-vault monster count
 E = Vault monster count
 F = Vault count percentage of total count
                 A         B        C        D         E       F
            +---------+---------+-------+---------+---------+-------
      Total |     147 |       0 |   0.0 |      58 |       0 |   0.0
            +---------+---------+-------+---------+---------+-------
        D:1 |      67 |       0 |   0.0 |      36 |       0 |   0.0
        D:2 |      70 |       0 |   0.0 |      17 |       0 |   0.0
        D:3 |      10 |       0 |   0.0 |       5 |       0 |   0.0
            +---------+---------+-------+---------+---------+-------
